Map: Lost and Found LE

Players

Elazer - Winner!

  • Race: Zerg Zerg
  • League: Grandmaster
  • Spawn Location: 7:00

HellraiseR

  • Race: Protoss Protoss
  • League: Master
  • Spawn Location: 1:00

Event: HomeStory Cup XVII

VOD

Have the link to the VOD?

Description

Time

  • Played on: June 29, 2018, 8:59 a.m.
  • Length: 6:57

All games in this series

Show
View Real Time Build Order
Export as new Build Order

Elazer Zerg - Winner!

Build Orders: Hatch First 

Get SALT Encoding   

  12  0:00  Drone  
  13  0:12  Overlord  
  13  0:16  Drone  
  14  0:30  Drone x2  
  16  0:46  Hatchery  
  15  0:50  Drone  
  15  0:54  Drone  
  17  0:57  Drone  
  18  1:07  Extractor  
  17  1:12  Spawning Pool  
  17  1:16  Drone  
  17  1:19  Drone  
  18  1:27  Drone  
  19  1:38  Drone  
  20  1:49  Overlord  
  20  1:59  Queen x2  
  20  2:00  Zergling x4  
  26  2:09  Drone  
  26  2:11  Drone  
  28  2:20  Drone  
  28  2:22  Drone  
  30  2:33  Drone x2  
  32  2:39  Hatchery  
  32  2:42  Queen  
  33  2:46  Overlord  
  33  2:47  Drone  
  34  2:52  Drone  
  34  2:53  Drone  
  36  3:07  Drone x4  
  36  3:08  Drone x2  
  36  3:11  Overlord  
  42  3:17  Queen  
  44  3:28  Lair  
  44  3:29  Spore Crawler, Drone  
  44  3:30  Drone x3  
  44  3:31  Drone  
  48  3:40  Roach Warren, Drone, Extractor  
  47  3:41  Drone  
  47  3:47  Overlord  
  48  3:49  Drone x2  
  48  3:50  Drone  
  48  3:52  Drone  
  48  3:53  Drone  
  53  3:56  Drone x2  
  53  4:00  Extractor  
  54  4:05  Overlord  
  54  4:17  Overlord  
  54  4:20  Overlord, Roach x6  
  66  4:28  Roach x2  
  70  4:32  Overlord  
  70  4:33  Roach x2  
  70  4:37  Roach  
  76  4:40  Roach x2  
  76  4:41  Overlord  
  80  4:46  Roach  
  80  4:47  Overlord  
  80  4:50  Overlord  
  80  4:52  Roach  
  84  5:00  Queen  
  84  5:01  Glial Reconstitution  
  84  5:03  Overlord  
  84  5:04  Roach  
  88  5:10  Roach x2  
  88  5:11  Roach  
  96  5:14  Roach  
  96  5:16  Roach  
  100  5:21  Roach x2  
  102  5:30  Roach x2  
  102  5:31  Overlord  
  102  5:32  Queen  
  108  5:36  Roach x2  
  111  5:45  Roach x3  
  111  5:46  Overlord  
  111  5:48  Roach  
  119  5:52  Overlord  
  119  5:53  Roach  
  119  5:56  Roach  
  123  5:57  Roach  
  123  6:00  Roach  
  123  6:02  Roach  
  129  6:05  Overlord  
  129  6:10  Overlord  
  129  6:12  Roach  
  129  6:13  Ravager  
  129  6:17  Overlord  
  132  6:20  Roach  
  130  6:25  Roach  
  130  6:26  Roach x2  
  130  6:31  Roach  
  128  6:36  Roach x2  
Show
View Real Time Build Order
Export as new Build Order

HellraiseR Protoss 

Build Orders: 1 Gate Expand 

Get SALT Encoding   

  12  0:00  Probe  
  13  0:12  Probe  
  14  0:19  Pylon  
  14  0:24  Probe  
  15  0:33  Probe  
  15  0:38  Gateway  
  15  0:41  Probe  
  16  0:46  Assimilator  
  17  0:52  Probe  
  19  1:04  Probe  
  19  1:20  Nexus  
  19  1:23  Probe  
  20  1:33  Cybernetics Core  
  20  1:35  Probe  
  21  1:43  Assimilator  
  21  1:48  Probe  
  21  1:51  Pylon  
  22  2:00  Probe, Stalker  
  23  2:08  Probe  
  23  2:11  Warp Gate  
  26  2:17  Probe  
  27  2:26  Probe  
  27  2:27  Probe, Twilight Council  
  28  2:34  Zealot  
  28  2:35  Probe  
  31  2:38  Probe  
  33  2:46  Probe  
  33  2:50  Probe  
  35  2:55  Robotics Facility  
  35  2:58  Probe  
  36  3:02  Probe  
  37  3:08  Gateway  
  37  3:10  Probe  
  38  3:12  Charge  
  38  3:15  Probe  
  39  3:22  Probe  
  39  3:25  Gateway  
  40  3:29  Gateway  
  40  3:34  Gateway  
  40  3:37  Warp Prism  
  40  3:41  Gateway  
  42  3:49  Probe  
  42  3:50  Probe  
  44  3:56  Pylon  
  44  3:59  Pylon  
  44  4:03  Immortal, Pylon  
  48  4:23  Zealot x2  
  48  4:24  Zealot x2  
  56  4:30  Immortal  
  57  4:32  Pylon  
  60  4:47  Zealot x3  
  60  4:48  Zealot  
  68  4:57  Immortal  
  66  5:12  Gateway  
  66  5:13  Gateway  
  66  5:14  Sentry x3  
  70  5:15  Sentry  
  70  5:16  Zealot  
  78  5:24  Pylon  
  78  5:26  Pylon  
  78  5:36  Pylon  
  78  5:49  Sentry, Stalker  
  82  5:50  Zealot x4  
  82  5:55  Pylon x2  
  90  6:10  Sentry  
  90  6:11  Zealot x5  
  100  6:14  Stalker  
  84  6:27  Zealot  
  74  6:33  Zealot  
  74  6:34  Zealot x4  
  74  6:35  Sentry  
  74  6:39  Zealot  
Tags
 
Add a new tag
Caveats
  • Supply blocks, unpowered buildings, or Contaminate may cause inaccurate times.
  • Supply counts are checked every 10 seconds.